Sabres vs Senateurs
Created - January 20, 2019 at 09:07
Goals
|
| Sabres |
0 |
1 |
1 |
2 |
| Senateurs |
1 |
0 |
0 |
1 |
|
Shots
|
| Sabres |
16 |
6 |
7 |
29 |
| Senateurs |
15 |
3 |
4 |
22 |
|
1st period
1. Senateurs , Daniel Briere 12 (Brenden Morrow 12) at 19:01
Penalties :
Thomas Vanek (Ott) for Fighting (Major) at 18:07, Vincent Lecavalier (Buf) for Fighting (Major) at 18:07
2nd period
2. Sabres , Andrei Loktionov 13 (Evander Kane 25) at 9:07
Penalties :
Marian Hossa (Ott) for High sticking (Minor) at 9:50, Zack Kassian (Buf) for Hooking (Minor) at 17:24
3rd period
3. Sabres , Evander Kane 23 (Michael Kostka 20, Brandon Sutter 3) at 14:44
Penalties :
Daniel Briere (Ott) for Hooking (Minor) at 7:18, Daniel Briere (Ott) for Goalie Interference (Minor) at 10:57
Goalie Stats
Robin Lehner (Buf), 21 saves from 22 shots - (0.955), W, 17-10-3, 60:00 minutes
Ondrej Pavelec (Ott), 27 saves from 29 shots - (0.931), L, 14-14-2, 58:55 minutes
Players Stats for Sabres
Player Name G A P +/- PIM S H SB GA TA FO MP PP MP PK MP
------------------------------------------------------------------------------------
Andrei Loktionov 1 0 1 1 0 2 2 1 0 1 7/19 17:39 0:00 0:00
Bobby Ryan 0 0 0 1 0 5 3 0 2 0 1/1 21:27 3:18 0:00
Brad Richardson 0 0 0 0 0 1 0 0 3 0 0/0 11:34 0:00 0:00
Brandon Sutter 0 1 1 0 0 0 0 2 1 0 4/6 11:38 0:00 1:04
Darcy Hordichuk 0 0 0 0 0 1 1 0 1 0 0/0 8:18 0:00 0:00
Darren Reid 0 0 0 0 0 0 2 0 0 0 0/0 9:22 0:00 1:04
Evander Kane 1 1 2 1 0 7 1 0 0 0 0/0 21:27 3:18 0:00
Ilya Kovalchuk 0 0 0 0 0 3 1 0 0 1 0/1 17:37 2:39 0:55
Jared Cowen 0 0 0 -1 0 0 2 0 1 2 0/0 21:39 2:02 1:01
Kurtis Foster 0 0 0 -1 0 1 3 0 1 0 0/0 16:42 0:00 0:00
Mathew Dumba 0 0 0 1 0 1 1 1 0 0 0/0 16:53 3:55 0:58
Matt Martin 0 0 0 0 0 1 2 0 0 0 1/1 10:27 0:00 0:00
Michael Kostka 0 1 1 1 0 0 1 1 1 0 0/0 14:56 2:02 0:58
Rob Scuderi 0 0 0 1 0 0 3 1 0 1 0/0 22:38 0:00 0:00
Ryan O'Reilly 0 0 0 0 0 2 1 1 1 0 7/14 17:56 3:18 0:00
Vincent Lecavalier 0 0 0 0 5 2 0 0 0 0 4/9 12:46 2:39 0:55
Zach Bogosian 0 0 0 1 0 0 4 1 3 1 0/0 27:12 3:55 1:01
Zack Kassian 0 0 0 0 2 3 5 0 0 1 0/2 17:48 2:39 0:00
Players Stats for Senateurs
Player Name G A P +/- PIM S H SB GA TA FO MP PP MP PK MP
------------------------------------------------------------------------------------
Brandon Dubinsky 0 0 0 0 0 0 2 1 0 0 1/4 14:46 0:10 1:42
Brenden Morrow 0 1 1 0 0 3 2 0 1 3 0/0 19:07 1:02 2:15
Brooks Orpik 0 0 0 1 0 0 0 2 0 2 0/0 13:33 0:00 0:00
Carlo Colaiacovo 0 0 0 -1 0 0 0 1 1 0 0/0 19:51 0:41 2:15
Chris Kunitz 0 0 0 0 0 0 0 0 0 0 0/0 6:56 0:00 1:21
Cody Franson 0 0 0 -1 0 0 0 1 1 1 0/0 19:51 0:41 2:15
Cody Hodgson 0 0 0 0 0 7 3 0 1 0 3/7 20:04 0:52 0:00
Dan Hamhuis 0 0 0 -1 0 1 1 1 0 1 0/0 26:42 1:18 3:42
Daniel Briere 1 0 1 0 4 2 1 0 0 0 3/8 17:58 1:02 1:02
Evgeni Malkin 0 0 0 -1 0 2 3 2 2 1 20/31 24:53 0:57 2:47
Ian Cole 0 0 0 0 0 0 0 0 0 0 0/0 4:22 0:00 0:00
Karl Alzner 0 0 0 -1 0 2 0 1 0 3 0/0 22:31 1:18 3:42
Marc-André Bernier 0 0 0 0 0 1 1 1 0 0 0/0 14:42 0:00 0:00
Marian Hossa 0 0 0 -1 2 0 1 2 0 0 2/2 20:01 0:57 0:00
Radim Vrbata 0 0 0 0 0 1 0 1 0 0 0/0 1:01 0:00 0:00
Sergei Kostitsyn 0 0 0 0 0 2 1 0 0 1 0/1 17:06 0:00 2:10
Thomas Vanek 0 0 0 -1 5 1 2 2 1 0 0/0 17:19 0:57 0:37
Vladimir Mihalik 0 0 0 1 0 0 2 1 0 2 0/0 13:16 0:00 0:00
3 Stars
1 - Evander Kane (Buf)
2 - Andrei Loktionov (Buf)
3 - Robin Lehner (Buf)
Power Play
Sabres - 0 on 3 Attempt(s) - 0.00%
Senateurs - 0 on 1 Attempt(s) - 0.00%
Penalty Kill
Sabres - 1 on 1 Attempt(s) - 100.00%
- Score 0 goal in Penalty Kill
Senateurs - 3 on 3 Attempt(s) - 100.00%
- Score 0 goal in Penalty Kill
Team Stat
Sabres - Hits : 32 - Faceoff Wins : 24 - Blocked Shots : 8 - Penalty Minutes : 7
Senateurs - Hits : 19 - Faceoff Wins : 29 - Blocked Shots : 16 - Penalty Minutes : 11
Official
Referees : Unknown
Linesman : Unknown
Game Notes
Radim Vrbata is injured at 3:02 of 1st period (Sports Hernia)
Thomas Vanek and Vincent Lecavalier fight to a draw at 18:07 of 1st period
Finance
Level 1 -- Attendance: 6000 (100.00%) -- Ticket Income $498,000
Level 2 -- Attendance: 4871 (97.42%) -- Ticket Income $258,163
Level 3 -- Attendance: 1859 (92.95%) -- Ticket Income $61,347
Level 4 -- Attendance: 3687 (92.18%) -- Ticket Income $84,801
Luxury Box -- Attendance: 1000 (100.00%) -- Ticket Income $155,000
Game was played at the Place Banque Scotia.
Total Attendance: 17417 (96.76%)
Total Ticket Income: $1,057,311
Other Income: $158,597
Total Income: $1,215,908
Sabres
5 vs 5 Forward
Center Left Wing Right Wing Time % Phy DF OF
1 Andrei Loktionov Evander Kane Bobby Ryan 39 0 1 4
2 Ryan O'Reilly Ilya Kovalchuk Zack Kassian 31 1 1 3
3 Vincent Lecavalier Matt Martin Brad Richardson 17 0 2 3
4 Brandon Sutter Darcy Hordichuk Darren Reid 13 0 2 3
5 vs 5 Defense
Defense Defense Time % Phy DF OF
1 Rob Scuderi Zach Bogosian 45 1 3 1
2 Kurtis Foster Jared Cowen 32 1 3 1
3 Michael Kostka Mathew Dumba 23 2 3 0
4 Michael Kostka Mathew Dumba 0 0 5 0
PowerPlay Forward
Center Left Wing Right Wing Time % Phy DF OF
1 Ryan O'Reilly Evander Kane Bobby Ryan 50 0 0 5
2 Vincent Lecavalier Ilya Kovalchuk Zack Kassian 50 1 0 4
PowerPlay Defense
Defense Defense Time % Phy DF OF
1 Zach Bogosian Mathew Dumba 50 0 1 4
2 Michael Kostka Jared Cowen 50 0 1 4
Penalty Kill 4 Players Forward
Center Wing Time % Phy DF OF
1 Brandon Sutter Darren Reid 50 1 4 0
2 Vincent Lecavalier Ilya Kovalchuk 50 1 4 0
Penalty Kill 4 Players Defense
Defense Defense Time % Phy DF OF
1 Jared Cowen Zach Bogosian 50 1 4 0
2 Mathew Dumba Michael Kostka 50 1 4 0
Penalty Kill - 3 Players Forward
Forward Time % Phy DF OF
1 Brandon Sutter 60 0 5 0
2 Zack Kassian 40 0 5 0
Penalty Kill - 3 Players Defense
Defense Defense Time % Phy DF OF
1 Rob Scuderi Jared Cowen 60 0 5 0
2 Mathew Dumba Zach Bogosian 40 0 5 0
4 vs 4 Forward
Center Wing Time % Phy DF OF
1 Vincent Lecavalier Darren Reid 50 0 2 3
2 Ryan O'Reilly Zack Kassian 50 0 1 4
4 vs 4 Defense
Defense Defense Time % Phy DF OF
1 Michael Kostka Jared Cowen 50 0 4 1
2 Mathew Dumba Rob Scuderi 50 0 4 1
Last Minutes Offensive
Center Left Wing Right Wing Defense Defense
Ryan O'Reilly Evander Kane Bobby Ryan Zach Bogosian Jared Cowen
Last Minutes Defensive
Center Left Wing Right Wing Defense Defense
Brandon Sutter Evander Kane Zack Kassian Zach Bogosian Jared Cowen
Goaltenders
Starting : Robin Lehner
Backup : Jonas Hiller
Extra Forwards
Normal : Brandon Sutter, Ryan O'Reilly, Brad Richardson - PP : Bobby Ryan, Ryan O'Reilly - PK : Brad Richardson
Extra Defensemen
Normal : Zach Bogosian, Jared Cowen, Mathew Dumba - PP : Zach Bogosian - PK : Rob Scuderi, Jared Cowen
Penalty Shots
Evander Kane, Vincent Lecavalier, Ryan O'Reilly, Andrei Loktionov, Bobby Ryan
Scratches
Jakub Kindl (Healthy), Nathan Paetsch (Healthy), Scottie Upshall (Healthy), Andrew MacDonald (Healthy)
Senateurs
5 vs 5 Forward
Center Left Wing Right Wing Time % Phy DF OF
1 Evgeni Malkin Thomas Vanek Marian Hossa 40 1 2 2
2 Daniel Briere Brenden Morrow Radim Vrbata 30 1 2 2
3 Cody Hodgson Sergei Kostitsyn Marc-André Bernier 20 1 2 2
4 Brandon Dubinsky Chris Kunitz Evgeni Malkin 10 1 2 2
5 vs 5 Defense
Defense Defense Time % Phy DF OF
1 Dan Hamhuis Karl Alzner 40 1 2 2
2 Cody Franson Carlo Colaiacovo 30 1 2 2
3 Vladimir Mihalik Brooks Orpik 20 1 2 2
4 Ian Cole Dan Hamhuis 10 1 2 2
PowerPlay Forward
Center Left Wing Right Wing Time % Phy DF OF
1 Evgeni Malkin Thomas Vanek Marian Hossa 60 1 2 2
2 Daniel Briere Brenden Morrow Radim Vrbata 40 1 2 2
PowerPlay Defense
Defense Defense Time % Phy DF OF
1 Dan Hamhuis Karl Alzner 60 1 2 2
2 Cody Franson Carlo Colaiacovo 40 1 2 2
Penalty Kill 4 Players Forward
Center Wing Time % Phy DF OF
1 Evgeni Malkin Daniel Briere 60 1 2 2
2 Thomas Vanek Marian Hossa 40 1 2 2
Penalty Kill 4 Players Defense
Defense Defense Time % Phy DF OF
1 Dan Hamhuis Karl Alzner 60 1 2 2
2 Cody Franson Carlo Colaiacovo 40 1 2 2
Penalty Kill - 3 Players Forward
Forward Time % Phy DF OF
1 Evgeni Malkin 60 1 2 2
2 Daniel Briere 40 1 2 2
Penalty Kill - 3 Players Defense
Defense Defense Time % Phy DF OF
1 Dan Hamhuis Karl Alzner 60 1 2 2
2 Cody Franson Carlo Colaiacovo 40 1 2 2
4 vs 4 Forward
Center Wing Time % Phy DF OF
1 Evgeni Malkin Daniel Briere 60 1 2 2
2 Thomas Vanek Marian Hossa 40 1 2 2
4 vs 4 Defense
Defense Defense Time % Phy DF OF
1 Dan Hamhuis Karl Alzner 60 1 2 2
2 Cody Franson Carlo Colaiacovo 40 1 2 2
Last Minutes Offensive
Center Left Wing Right Wing Defense Defense
Evgeni Malkin Thomas Vanek Marian Hossa Dan Hamhuis Karl Alzner
Last Minutes Defensive
Center Left Wing Right Wing Defense Defense
Evgeni Malkin Thomas Vanek Marian Hossa Dan Hamhuis Karl Alzner
Goaltenders
Starting : Ondrej Pavelec
Backup : Jeff Deslauriers
Extra Forwards
Normal : Cody Hodgson, Brandon Dubinsky, Sergei Kostitsyn - PP : Cody Hodgson, Brandon Dubinsky - PK : Sergei Kostitsyn
Extra Defensemen
Normal : Vladimir Mihalik, Brooks Orpik, Ian Cole - PP : Vladimir Mihalik - PK : Brooks Orpik, Ian Cole
Penalty Shots
Evgeni Malkin, Daniel Briere, Thomas Vanek, Marian Hossa, Brenden Morrow
Scratches
Colby Armstrong (Healthy)
% Time on Ice - Sabres
Lines # - Real PCT - Wanted PCT - Time Play
Normal Forward
1 - 36% - 39% - 18:09
2 - 28% - 31% - 14:03
3 - 21% - 17% - 10:27
4 - 16% - 13% - 8:18
Normal Defense
1 - 46% - 45% - 23:26
2 - 31% - 32% - 15:45
3 - 21% - 23% - 10:43
4 - 2% - 0% - 1:03
PP Forward
1 - 55% - 50% - 3:18
2 - 45% - 50% - 2:39
PP Defense
1 - 66% - 50% - 3:55
2 - 34% - 50% - 2:02
PK Forward
1 - 54% - 50% - 1:04
2 - 46% - 50% - 0:55
PK Defense
1 - 51% - 50% - 1:01
2 - 49% - 50% - 0:58
PK3 Forward
1 - 0% - 60%
2 - 0% - 40%
PK3 Defense
1 - 0% - 60%
2 - 0% - 40%
44 Forward
1 - 0% - 50%
2 - 0% - 50%
44 Defense
1 - 0% - 50%
2 - 0% - 50%
Last Minute Offensive - 0:00
Last Minute Defensive - 1:07
Total
Forward - 60:00
Defense - 60:00
|
% Time on Ice - Senateurs
Lines # - Real PCT - Wanted PCT - Time Play
Normal Forward
1 - 34% - 40% - 17:19
2 - 31% - 30% - 15:45
3 - 25% - 20% - 12:39
4 - 10% - 10% - 5:10
Normal Defense
1 - 34% - 40% - 17:31
2 - 33% - 30% - 16:55
3 - 24% - 20% - 12:05
4 - 9% - 10% - 4:22
PP Forward
1 - 48% - 60% - 0:57
2 - 52% - 40% - 1:02
PP Defense
1 - 66% - 60% - 1:18
2 - 34% - 40% - 0:41
PK Forward
1 - 90% - 60% - 5:20
2 - 10% - 40% - 0:37
PK Defense
1 - 62% - 60% - 3:42
2 - 38% - 40% - 2:15
PK3 Forward
1 - 0% - 60%
2 - 0% - 40%
PK3 Defense
1 - 0% - 60%
2 - 0% - 40%
44 Forward
1 - 0% - 60%
2 - 0% - 40%
44 Defense
1 - 0% - 60%
2 - 0% - 40%
Last Minute Offensive - 1:11
Last Minute Defensive - 0:00
Total
Forward - 60:00
Defense - 60:00
|
Play-by-Play
1st period
0:01 of 1st period - Evgeni Malkin wins face-off versus Andrei Loktionov in neutral zone.
0:10 of 1st period - Snap shot by Evgeni Malkin.
0:10 of 1st period - Stopped by Robin Lehner with a rebound.
0:12 of 1st period - Snap shot by Thomas Vanek.
0:12 of 1st period - Stopped by Robin Lehner without a rebound.
0:13 of 1st period - Daniel Briere wins face-off versus Ryan O'Reilly in Sabres zone.
0:14 of 1st period - Slapshot by Radim Vrbata.
0:14 of 1st period - Stopped by Robin Lehner without a rebound.
0:15 of 1st period - Ryan O'Reilly wins face-off versus Daniel Briere in Sabres zone.
1:07 of 1st period - Thomas Vanek is hit by Bobby Ryan and loses puck.
1:26 of 1st period - Slapshot by Cody Franson.
1:26 of 1st period - Shot Blocked by Brandon Sutter.
1:28 of 1st period - Snap shot by Evgeni Malkin.
1:28 of 1st period - Shot Misses the Net.
2:34 of 1st period - Slapshot by Andrei Loktionov.
2:34 of 1st period - Stopped by Ondrej Pavelec without a rebound.
2:35 of 1st period - Brandon Sutter wins face-off versus Brandon Dubinsky in Senateurs zone.
2:58 of 1st period - Snap shot by Evander Kane.
2:58 of 1st period - Deflect By Brenden Morrow.
2:58 of 1st period - Stopped by Ondrej Pavelec with a rebound.
3:00 of 1st period - Snap shot by Bobby Ryan.
3:00 of 1st period - Stopped by Ondrej Pavelec with a rebound.
3:02 of 1st period - Slapshot by Kurtis Foster.
3:02 of 1st period - Shot Blocked by Radim Vrbata.
3:02 of 1st period - Radim Vrbata from Senateurs is injured at 3:02 of 1st period (Sports Hernia).
3:03 of 1st period - Ryan O'Reilly wins face-off versus Evgeni Malkin in Senateurs zone.
3:14 of 1st period - Thomas Vanek is hit by Zach Bogosian and loses puck.
3:29 of 1st period - Rob Scuderi is hit by Daniel Briere and loses puck.
3:38 of 1st period - Wrist shot by Brenden Morrow.
3:38 of 1st period - Stopped by Robin Lehner with a rebound.
3:58 of 1st period - Chris Kunitz is hit by Rob Scuderi and loses puck.
4:11 of 1st period - Rob Scuderi is hit by Dan Hamhuis.
4:36 of 1st period - Snap shot by Ilya Kovalchuk.
4:36 of 1st period - Shot Blocked by Karl Alzner.
4:38 of 1st period - Backhand shot by Michael Kostka.
4:38 of 1st period - Shot Misses the Net.
4:40 of 1st period - Slapshot by Michael Kostka.
4:40 of 1st period - Shot Misses the Net.
4:56 of 1st period - Evgeni Malkin is hit by Andrei Loktionov and loses puck.
5:24 of 1st period - Cody Franson is hit by Kurtis Foster and loses puck.
5:51 of 1st period - Carlo Colaiacovo is hit by Zack Kassian and loses puck.
5:56 of 1st period - Wrist shot by Zack Kassian.
5:56 of 1st period - Stopped by Ondrej Pavelec with a rebound.
7:10 of 1st period - Darcy Hordichuk is hit by Evgeni Malkin and loses puck.
7:22 of 1st period - Slapshot by Andrei Loktionov.
7:22 of 1st period - Shot Blocked by Marian Hossa.
7:24 of 1st period - Slapshot by Kurtis Foster.
7:24 of 1st period - Stopped by Ondrej Pavelec with a rebound.
9:38 of 1st period - Snap shot by Vincent Lecavalier.
9:38 of 1st period - Stopped by Ondrej Pavelec without a rebound.
9:39 of 1st period - Andrei Loktionov wins face-off versus Daniel Briere in Senateurs zone.
9:42 of 1st period - Snap shot by Evander Kane.
9:42 of 1st period - Shot Misses the Net.
9:44 of 1st period - Snap shot by Evander Kane.
9:44 of 1st period - Shot Misses the Net.
9:50 of 1st period - Slapshot by Bobby Ryan.
9:50 of 1st period - Stopped by Ondrej Pavelec with a rebound.
9:52 of 1st period - Snap shot by Bobby Ryan.
9:52 of 1st period - Shot Blocked by Brooks Orpik.
10:02 of 1st period - Wrist shot by Cody Hodgson.
10:02 of 1st period - Stopped by Robin Lehner without a rebound.
10:03 of 1st period - Evgeni Malkin wins face-off versus Zack Kassian in Sabres zone.
10:28 of 1st period - Cody Franson is hit by Evander Kane and loses puck.
10:39 of 1st period - Slapshot by Zach Bogosian.
10:39 of 1st period - Shot Misses the Net.
11:42 of 1st period - Snap shot by Evander Kane.
11:42 of 1st period - Shot Misses the Net.
11:44 of 1st period - Wrist shot by Bobby Ryan.
11:44 of 1st period - Stopped by Ondrej Pavelec without a rebound.
11:45 of 1st period - Andrei Loktionov wins face-off versus Evgeni Malkin in Senateurs zone.
11:48 of 1st period - Snap shot by Evander Kane.
11:48 of 1st period - Stopped by Ondrej Pavelec with a rebound.
12:09 of 1st period - Brooks Orpik is hit by Kurtis Foster and loses puck.
12:18 of 1st period - Snap shot by Zack Kassian.
12:18 of 1st period - Shot Misses the Net.
12:20 of 1st period - Snap shot by Ryan O'Reilly.
12:20 of 1st period - Stopped by Ondrej Pavelec with a rebound.
12:32 of 1st period - Snap shot by Brandon Dubinsky.
12:32 of 1st period - Deflect By Daniel Briere.
12:32 of 1st period - Shot Blocked by Mathew Dumba.
12:32 of 1st period - Puck is out of play.
12:33 of 1st period - Vincent Lecavalier wins face-off versus Daniel Briere in Sabres zone.
13:23 of 1st period - Snap shot by Cody Hodgson.
13:23 of 1st period - Stopped by Robin Lehner with a rebound.
13:25 of 1st period - Wrist shot by Marc-André Bernier.
13:25 of 1st period - Stopped by Robin Lehner with a rebound.
13:27 of 1st period - Snap shot by Cody Hodgson.
13:27 of 1st period - Stopped by Robin Lehner without a rebound.
13:28 of 1st period - Evgeni Malkin wins face-off versus Zack Kassian in Sabres zone.
13:35 of 1st period - Snap shot by Zack Kassian.
13:35 of 1st period - Shot Misses the Net.
13:37 of 1st period - Slapshot by Zach Bogosian.
13:37 of 1st period - Deflect By Ryan O'Reilly.
13:37 of 1st period - Shot Blocked by Thomas Vanek.
13:37 of 1st period - Puck is out of play.
13:38 of 1st period - Evgeni Malkin wins face-off versus Ryan O'Reilly in Senateurs zone.
13:45 of 1st period - Snap shot by Ryan O'Reilly.
13:45 of 1st period - Stopped by Ondrej Pavelec without a rebound.
13:46 of 1st period - Andrei Loktionov wins face-off versus Evgeni Malkin in Senateurs zone.
14:13 of 1st period - Dan Hamhuis is hit by Zack Kassian and loses puck.
15:00 of 1st period - Slapshot by Vincent Lecavalier.
15:00 of 1st period - Shot Blocked by Marian Hossa.
15:02 of 1st period - Slapshot by Matt Martin.
15:02 of 1st period - Stopped by Ondrej Pavelec with a rebound.
15:22 of 1st period - Wrist shot by Ilya Kovalchuk.
15:22 of 1st period - Stopped by Ondrej Pavelec with a rebound.
15:24 of 1st period - Slapshot by Rob Scuderi.
15:24 of 1st period - Shot Blocked by Cody Franson.
15:26 of 1st period - Slapshot by Zach Bogosian.
15:26 of 1st period - Shot Blocked by Evgeni Malkin.
15:38 of 1st period - Snap shot by Cody Hodgson.
15:38 of 1st period - Stopped by Robin Lehner with a rebound.
15:48 of 1st period - Slapshot by Cody Hodgson.
15:48 of 1st period - Stopped by Robin Lehner without a rebound.
15:49 of 1st period - Daniel Briere wins face-off versus Ryan O'Reilly in Sabres zone.
15:58 of 1st period - Cody Hodgson is hit by Zack Kassian and loses puck.
16:27 of 1st period - Snap shot by Evander Kane.
16:27 of 1st period - Stopped by Ondrej Pavelec without a rebound.
16:28 of 1st period - Cody Hodgson wins face-off versus Brandon Sutter in Senateurs zone.
16:39 of 1st period - Snap shot by Cody Hodgson.
16:39 of 1st period - Stopped by Robin Lehner with a rebound.
16:41 of 1st period - Slapshot by Karl Alzner.
16:41 of 1st period - Stopped by Robin Lehner with a rebound.
17:06 of 1st period - Slapshot by Daniel Briere.
17:06 of 1st period - Shot Blocked by Rob Scuderi.
17:08 of 1st period - Snap shot by Daniel Briere.
17:08 of 1st period - Deflect By Brenden Morrow.
17:08 of 1st period - Stopped by Robin Lehner with a rebound.
17:10 of 1st period - Snap shot by Brenden Morrow.
17:10 of 1st period - Stopped by Robin Lehner without a rebound.
17:11 of 1st period - Ryan O'Reilly wins face-off versus Evgeni Malkin in Sabres zone.
17:11 of 1st period - Ryan O'Reilly is hit by Thomas Vanek.
17:14 of 1st period - Icing by Ilya Kovalchuk.
17:15 of 1st period - Evgeni Malkin wins face-off versus Ryan O'Reilly in Sabres zone.
17:24 of 1st period - Wrist shot by Evgeni Malkin.
17:24 of 1st period - Shot Misses the Net.
17:46 of 1st period - Snap shot by Bobby Ryan.
17:46 of 1st period - Shot Blocked by Dan Hamhuis.
17:48 of 1st period - Snap shot by Bobby Ryan.
17:48 of 1st period - Stopped by Ondrej Pavelec with a rebound.
17:50 of 1st period - Snap shot by Bobby Ryan.
17:50 of 1st period - Shot Misses the Net.
17:52 of 1st period - Slapshot by Michael Kostka.
17:52 of 1st period - Deflect By Evander Kane.
17:52 of 1st period - Stopped by Ondrej Pavelec without a rebound.
17:53 of 1st period - Vincent Lecavalier wins face-off versus Evgeni Malkin in Senateurs zone.
18:07 of 1st period - Thomas Vanek and Vincent Lecavalier fight to a draw.
18:07 of 1st period - Penalty to Thomas Vanek for Fighting.
18:07 of 1st period - Penalty to Vincent Lecavalier for Fighting.
18:08 of 1st period - Andrei Loktionov wins face-off versus Evgeni Malkin in Sabres zone.
18:13 of 1st period - Snap shot by Evgeni Malkin.
18:13 of 1st period - Deflect By Cody Hodgson.
18:13 of 1st period - Shot Misses the Net.
18:13 of 1st period - Puck is out of play.
18:14 of 1st period - Evgeni Malkin wins face-off versus Andrei Loktionov in Sabres zone.
18:40 of 1st period - Off-side.
18:41 of 1st period - Ryan O'Reilly wins face-off versus Daniel Briere in neutral zone.
18:53 of 1st period - Slapshot by Jared Cowen.
18:53 of 1st period - Shot Misses the Net.
19:01 of 1st period - Slapshot by Daniel Briere.
19:01 of 1st period - Goal by Daniel Briere - Sabres : 0 - Senateurs : 1.
19:02 of 1st period - Evgeni Malkin wins face-off versus Andrei Loktionov in neutral zone.
19:52 of 1st period - Wrist shot by Cody Hodgson.
19:52 of 1st period - Shot Misses the Net.
Goals for this period are 0 for Sabres vs 1 for Senateurs.
Shots for this period are 16 for Sabres vs 15 for Senateurs.
2nd period
0:01 of 2nd period - Evgeni Malkin wins face-off versus Andrei Loktionov in neutral zone.
0:10 of 2nd period - Wrist shot by Evgeni Malkin.
0:10 of 2nd period - Stopped by Robin Lehner with a rebound.
0:12 of 2nd period - Snap shot by Evgeni Malkin.
0:12 of 2nd period - Shot Misses the Net.
0:26 of 2nd period - Ryan O'Reilly is hit by Brandon Dubinsky and loses puck.
0:54 of 2nd period - Brandon Sutter is hit by Cody Hodgson and loses puck.
2:13 of 2nd period - Darcy Hordichuk is hit by Cody Hodgson and loses puck.
2:47 of 2nd period - Off-side.
2:48 of 2nd period - Andrei Loktionov wins face-off versus Evgeni Malkin in neutral zone.
3:02 of 2nd period - Icing by Cody Franson.
3:03 of 2nd period - Evgeni Malkin wins face-off versus Ryan O'Reilly in Senateurs zone.
3:16 of 2nd period - Daniel Briere is hit by Bobby Ryan and loses puck.
3:47 of 2nd period - Ian Cole is hit by Zach Bogosian and loses puck.
4:14 of 2nd period - Marian Hossa is hit by Ryan O'Reilly and loses puck.
5:24 of 2nd period - Slapshot by Vincent Lecavalier.
5:24 of 2nd period - Shot Hit the Post.
5:26 of 2nd period - Slapshot by Kurtis Foster.
5:26 of 2nd period - Shot Blocked by Evgeni Malkin.
6:13 of 2nd period - Off-side.
6:14 of 2nd period - Vincent Lecavalier wins face-off versus Daniel Briere in neutral zone.
7:23 of 2nd period - Thomas Vanek is hit by Matt Martin and loses puck.
7:40 of 2nd period - Evander Kane is hit by Cody Hodgson.
8:13 of 2nd period - Snap shot by Brandon Sutter.
8:13 of 2nd period - Deflect By Thomas Vanek.
8:13 of 2nd period - Shot Misses the Net.
8:13 of 2nd period - Puck is out of play.
8:14 of 2nd period - Brandon Sutter wins face-off versus Sergei Kostitsyn in Senateurs zone.
8:17 of 2nd period - Wrist shot by Darcy Hordichuk.
8:17 of 2nd period - Stopped by Ondrej Pavelec without a rebound.
8:18 of 2nd period - Evgeni Malkin wins face-off versus Andrei Loktionov in Senateurs zone.
8:32 of 2nd period - Off-side.
8:33 of 2nd period - Ryan O'Reilly wins face-off versus Cody Hodgson in neutral zone.
9:00 of 2nd period - Karl Alzner is hit by Bobby Ryan and loses puck.
9:07 of 2nd period - Snap shot by Andrei Loktionov.
9:07 of 2nd period - Goal by Andrei Loktionov - Sabres : 1 - Senateurs : 1.
9:08 of 2nd period - Evgeni Malkin wins face-off versus Andrei Loktionov in neutral zone.
9:20 of 2nd period - Icing by Evander Kane.
9:21 of 2nd period - Evgeni Malkin wins face-off versus Andrei Loktionov in Sabres zone.
9:36 of 2nd period - Marian Hossa is hit by Rob Scuderi and loses puck.
9:50 of 2nd period - Minor Penalty to Marian Hossa for High sticking.
9:51 of 2nd period - Evgeni Malkin wins face-off versus Vincent Lecavalier in Senateurs zone.
10:13 of 2nd period - Dan Hamhuis is hit by Ilya Kovalchuk and loses puck.
10:42 of 2nd period - Wrist shot by Evander Kane.
10:42 of 2nd period - Shot Blocked by Carlo Colaiacovo.
11:08 of 2nd period - Dan Hamhuis is hit by Michael Kostka and loses puck.
11:50 of 2nd period - Penalty to Marian Hossa is over, Marian Hossa is back on ice.
11:53 of 2nd period - Mathew Dumba is hit by Marc-André Bernier.
12:46 of 2nd period - Daniel Briere is hit by Darren Reid and loses puck.
13:31 of 2nd period - Brenden Morrow is hit by Darcy Hordichuk and loses puck.
13:54 of 2nd period - Brad Richardson is hit by Brandon Dubinsky and loses puck.
14:10 of 2nd period - Off-side.
14:11 of 2nd period - Brandon Sutter wins face-off versus Brandon Dubinsky in neutral zone.
14:14 of 2nd period - Karl Alzner is hit by Jared Cowen and loses puck.
14:35 of 2nd period - Wrist shot by Sergei Kostitsyn.
14:35 of 2nd period - Shot Misses the Net.
14:58 of 2nd period - Evander Kane is hit by Evgeni Malkin and loses puck.
15:13 of 2nd period - Wrist shot by Vincent Lecavalier.
15:13 of 2nd period - Shot Blocked by Brooks Orpik.
15:15 of 2nd period - Slapshot by Mathew Dumba.
15:15 of 2nd period - Deflect By Brandon Dubinsky.
15:15 of 2nd period - Stopped by Ondrej Pavelec with a rebound.
15:19 of 2nd period - Snap shot by Vincent Lecavalier.
15:19 of 2nd period - Stopped by Ondrej Pavelec with a rebound.
16:49 of 2nd period - Wrist shot by Ilya Kovalchuk.
16:49 of 2nd period - Stopped by Ondrej Pavelec without a rebound.
16:50 of 2nd period - Ryan O'Reilly wins face-off versus Evgeni Malkin in Senateurs zone.
16:51 of 2nd period - Wrist shot by Ilya Kovalchuk.
16:51 of 2nd period - Stopped by Ondrej Pavelec with a rebound.
17:03 of 2nd period - Ilya Kovalchuk is hit by Thomas Vanek and loses puck.
17:10 of 2nd period - Cody Franson is hit by Zack Kassian and loses puck.
17:24 of 2nd period - Minor Penalty to Zack Kassian for Hooking.
17:25 of 2nd period - Cody Hodgson wins face-off versus Brandon Sutter in Sabres zone.
17:33 of 2nd period - Wrist shot by Daniel Briere.
17:33 of 2nd period - Stopped by Robin Lehner with a rebound.
17:35 of 2nd period - Wrist shot by Brenden Morrow.
17:35 of 2nd period - Shot Blocked by Michael Kostka.
17:37 of 2nd period - Slapshot by Dan Hamhuis.
17:37 of 2nd period - Stopped by Robin Lehner without a rebound.
17:38 of 2nd period - Evgeni Malkin wins face-off versus Ilya Kovalchuk in Sabres zone.
18:02 of 2nd period - Jared Cowen is hit by Brenden Morrow and loses puck.
19:03 of 2nd period - Darren Reid is hit by Brenden Morrow and loses puck.
19:24 of 2nd period - Penalty to Zack Kassian is over, Zack Kassian is back on ice.
19:49 of 2nd period - Ryan O'Reilly is hit by Sergei Kostitsyn and loses puck.
Goals for this period are 1 for Sabres vs 0 for Senateurs.
Shots for this period are 6 for Sabres vs 3 for Senateurs.
3rd period
0:01 of 3rd period - Evgeni Malkin wins face-off versus Andrei Loktionov in neutral zone.
0:27 of 3rd period - Off-side.
0:28 of 3rd period - Daniel Briere wins face-off versus Ryan O'Reilly in neutral zone.
0:37 of 3rd period - Snap shot by Zack Kassian.
0:37 of 3rd period - Stopped by Ondrej Pavelec with a rebound.
0:42 of 3rd period - Off-side.
0:43 of 3rd period - Marian Hossa wins face-off versus Andrei Loktionov in neutral zone.
0:55 of 3rd period - Snap shot by Evgeni Malkin.
0:55 of 3rd period - Shot Misses the Net.
0:57 of 3rd period - Wrist shot by Marian Hossa.
0:57 of 3rd period - Shot Blocked by Andrei Loktionov.
0:59 of 3rd period - Snap shot by Marian Hossa.
0:59 of 3rd period - Shot Misses the Net.
1:16 of 3rd period - Wrist shot by Cody Hodgson.
1:16 of 3rd period - Shot Misses the Net.
1:18 of 3rd period - Wrist shot by Karl Alzner.
1:18 of 3rd period - Deflect By Cody Hodgson.
1:18 of 3rd period - Shot Misses the Net.
1:18 of 3rd period - Puck is out of play.
1:19 of 3rd period - Bobby Ryan wins face-off versus Evgeni Malkin in Sabres zone.
2:13 of 3rd period - Icing by Vincent Lecavalier.
2:14 of 3rd period - Matt Martin wins face-off versus Cody Hodgson in Sabres zone.
2:44 of 3rd period - Slapshot by Evander Kane.
2:44 of 3rd period - Shot Misses the Net.
3:34 of 3rd period - Icing by Sergei Kostitsyn.
3:35 of 3rd period - Vincent Lecavalier wins face-off versus Cody Hodgson in Senateurs zone.
3:42 of 3rd period - Wrist shot by Brad Richardson.
3:42 of 3rd period - Stopped by Ondrej Pavelec without a rebound.
3:43 of 3rd period - Evgeni Malkin wins face-off versus Andrei Loktionov in Senateurs zone.
3:56 of 3rd period - Wrist shot by Marian Hossa.
3:56 of 3rd period - Shot Misses the Net.
4:58 of 3rd period - Wrist shot by Evander Kane.
4:58 of 3rd period - Stopped by Ondrej Pavelec without a rebound.
4:59 of 3rd period - Evgeni Malkin wins face-off versus Andrei Loktionov in Senateurs zone.
5:12 of 3rd period - Snap shot by Bobby Ryan.
5:12 of 3rd period - Stopped by Ondrej Pavelec without a rebound.
5:13 of 3rd period - Evgeni Malkin wins face-off versus Andrei Loktionov in Senateurs zone.
5:13 of 3rd period - Marian Hossa is hit by Rob Scuderi and loses puck.
5:20 of 3rd period - Snap shot by Andrei Loktionov.
5:20 of 3rd period - Shot Misses the Net.
5:22 of 3rd period - Wrist shot by Andrei Loktionov.
5:22 of 3rd period - Shot Blocked by Thomas Vanek.
6:28 of 3rd period - Snap shot by Brad Richardson.
6:28 of 3rd period - Shot Misses the Net.
7:10 of 3rd period - Snap shot by Ilya Kovalchuk.
7:10 of 3rd period - Shot Blocked by Vladimir Mihalik.
7:12 of 3rd period - Slapshot by Kurtis Foster.
7:12 of 3rd period - Shot Misses the Net.
7:18 of 3rd period - Minor Penalty to Daniel Briere for Hooking.
7:19 of 3rd period - Evgeni Malkin wins face-off versus Ryan O'Reilly in Senateurs zone.
8:18 of 3rd period - Brenden Morrow is hit by Jared Cowen and loses puck.
8:45 of 3rd period - Chris Kunitz is hit by Zach Bogosian and loses puck.
9:18 of 3rd period - Penalty to Daniel Briere is over, Daniel Briere is back on ice.
9:39 of 3rd period - Snap shot by Daniel Briere.
9:39 of 3rd period - Shot Blocked by Ryan O'Reilly.
9:41 of 3rd period - Snap shot by Sergei Kostitsyn.
9:41 of 3rd period - Stopped by Robin Lehner with a rebound.
9:43 of 3rd period - Slapshot by Karl Alzner.
9:43 of 3rd period - Stopped by Robin Lehner with a rebound.
9:45 of 3rd period - Snap shot by Sergei Kostitsyn.
9:45 of 3rd period - Stopped by Robin Lehner without a rebound.
9:46 of 3rd period - Marian Hossa wins face-off versus Vincent Lecavalier in Sabres zone.
10:17 of 3rd period - Wrist shot by Sergei Kostitsyn.
10:17 of 3rd period - Shot Blocked by Brandon Sutter.
10:28 of 3rd period - Icing by Marc-André Bernier.
10:29 of 3rd period - Cody Hodgson wins face-off versus Vincent Lecavalier in Senateurs zone.
10:54 of 3rd period - Rob Scuderi is hit by Vladimir Mihalik and loses puck.
10:57 of 3rd period - Minor Penalty to Daniel Briere for Goalie Interference.
10:58 of 3rd period - Evgeni Malkin wins face-off versus Vincent Lecavalier in Senateurs zone.
12:17 of 3rd period - Brandon Dubinsky is hit by Mathew Dumba and loses puck.
12:34 of 3rd period - Chris Kunitz is hit by Zach Bogosian and loses puck.
12:57 of 3rd period - Penalty to Daniel Briere is over, Daniel Briere is back on ice.
13:05 of 3rd period - Sergei Kostitsyn is hit by Darren Reid and loses puck.
13:12 of 3rd period - Snap shot by Brandon Sutter.
13:12 of 3rd period - Shot Misses the Net.
13:14 of 3rd period - Snap shot by Darren Reid.
13:14 of 3rd period - Shot Misses the Net.
13:21 of 3rd period - Icing by Marc-André Bernier.
13:22 of 3rd period - Brandon Sutter wins face-off versus Evgeni Malkin in Senateurs zone.
14:42 of 3rd period - Slapshot by Michael Kostka.
14:42 of 3rd period - Shot Blocked by Brandon Dubinsky.
14:44 of 3rd period - Snap shot by Michael Kostka.
14:44 of 3rd period - Deflect By Evander Kane.
14:44 of 3rd period - Goal by Evander Kane - Sabres : 2 - Senateurs : 1.
14:45 of 3rd period - Andrei Loktionov wins face-off versus Evgeni Malkin in neutral zone.
15:01 of 3rd period - Icing by Zach Bogosian.
15:02 of 3rd period - Andrei Loktionov wins face-off versus Cody Hodgson in Sabres zone.
15:24 of 3rd period - Snap shot by Andrei Loktionov.
15:24 of 3rd period - Shot Blocked by Marc-André Bernier.
16:32 of 3rd period - Snap shot by Evander Kane.
16:32 of 3rd period - Stopped by Ondrej Pavelec with a rebound.
16:38 of 3rd period - Snap shot by Sergei Kostitsyn.
16:38 of 3rd period - Shot Hit the Post.
16:46 of 3rd period - Marc-André Bernier is hit by Andrei Loktionov and loses puck.
17:13 of 3rd period - Wrist shot by Sergei Kostitsyn.
17:13 of 3rd period - Shot Blocked by Zach Bogosian.
17:15 of 3rd period - Wrist shot by Cody Hodgson.
17:15 of 3rd period - Stopped by Robin Lehner without a rebound.
17:16 of 3rd period - Ryan O'Reilly wins face-off versus Brandon Dubinsky in Sabres zone.
17:16 of 3rd period - Ryan O'Reilly is hit by Evgeni Malkin.
17:22 of 3rd period - Cody Franson is hit by Zack Kassian and loses puck.
17:41 of 3rd period - Ilya Kovalchuk is hit by Marian Hossa and loses puck.
18:12 of 3rd period - Wrist shot by Zack Kassian.
18:12 of 3rd period - Stopped by Ondrej Pavelec without a rebound.
18:13 of 3rd period - Brandon Dubinsky wins face-off versus Vincent Lecavalier in Senateurs zone.
18:13 of 3rd period - Brandon Dubinsky is hit by Kurtis Foster.
18:19 of 3rd period - Brooks Orpik is hit by Matt Martin and loses puck.
18:26 of 3rd period - Kurtis Foster is hit by Vladimir Mihalik and loses puck.
18:55 of 3rd period - Senateurs, Ondrej Pavelec is pulled from the net.
19:15 of 3rd period - Snap shot by Evgeni Malkin.
19:15 of 3rd period - Shot Misses the Net.
19:17 of 3rd period - Slapshot by Vladimir Mihalik.
19:17 of 3rd period - Shot Misses the Net.
19:23 of 3rd period - Snap shot by Thomas Vanek.
19:23 of 3rd period - Shot Hit the Post.
19:31 of 3rd period - Slapshot by Kurtis Foster.
19:31 of 3rd period - Shot Misses the Net.
Goals for this period are 1 for Sabres vs 0 for Senateurs.
Shots for this period are 7 for Sabres vs 4 for Senateurs.
Back to the Top